Map: Neon Violet Square LE

Players

Harstem

  • Race: Protoss Protoss
  • Spawn Location: 5:00

Neeb - Winner!

  • Race: Protoss Protoss
  • Spawn Location: 11:00

Event: IEM Season 12 - Katowice

VOD

Have the link to the VOD?

Description

Time

  • Played on: Feb. 27, 2018, 1:22 p.m.
  • Length: 11:05

All games in this series

Show
View Real Time Build Order
Export as new Build Order

Harstem Protoss 

Build Orders: Nexus First, Phoenix Opening 

Get SALT Encoding   

  12  0:00  Probe  
  13  0:12  Probe  
  14  0:20  Pylon  
  14  0:24  Probe  
  15  0:39  Probe (Chrono Boost)  
  16  0:47  Probe (Chrono Boost)  
  17  0:58  Nexus  
  17  1:08  Gateway  
  17  1:11  Probe (Chrono Boost)  
  18  1:21  Probe (Chrono Boost), Assimilator  
  19  1:26  Probe (Chrono Boost)  
  19  1:29  Assimilator  
  20  1:38  Probe  
  20  1:39  Pylon  
  21  1:51  Probe  
  22  1:56  Cybernetics Core  
  22  2:01  Zealot  
  22  2:04  Probe  
  25  2:13  Probe  
  26  2:20  Pylon  
  26  2:22  Probe  
  27  2:25  Probe  
  28  2:34  Probe, Stargate  
  29  2:37  Probe  
  29  2:42  Stalker (Chrono Boost)  
  30  2:50  Warp Gate  
  33  2:56  Probe  
  33  3:00  Gateway  
  33  3:05  Stalker (Chrono Boost)  
  33  3:07  Probe  
  36  3:17  Phoenix (Chrono Boost)  
  37  3:28  Pylon, Stalker  
  39  3:37  Shield Battery  
  39  3:38  Probe x2  
  40  3:44  Phoenix (Chrono Boost)  
  42  3:50  Shield Battery  
  42  3:53  Probe  
  43  4:00  Pylon  
  43  4:04  Phoenix (Chrono Boost)  
  44  4:10  Pylon  
  44  4:12  Probe  
  44  4:14  Probe  
  46  4:27  Assimilator  
  46  4:28  Probe x2  
  46  4:29  Phoenix (Chrono Boost)  
  50  4:36  Pylon  
  50  4:40  Probe  
  50  4:42  Probe  
  52  4:46  Phoenix  
  54  4:57  Probe  
  54  4:58  Probe, Shield Battery  
  56  5:00  Robotics Facility  
  56  5:09  Probe  
  56  5:10  Probe, Pylon  
  58  5:21  Probe  
  59  5:22  Probe  
  59  5:24  Assimilator  
  60  5:31  Phoenix, Forge  
  60  5:33  Probe  
  60  5:34  Probe  
  64  5:36  Pylon  
  64  5:37  Adept x2  
  64  5:41  Pylon  
  69  5:53  Immortal (Chrono Boost)  
  69  5:56  Phoenix  
  75  6:00  Shield Battery  
  75  6:02  Zealot  
  74  6:07  Sentry, Shield Battery  
  74  6:19  Probe  
  74  6:21  Probe  
  74  6:22  Protoss Ground Weapons Level 1, Immortal (Chrono Boost)  
  80  6:29  Zealot  
  80  6:37  Gateway  
  80  6:39  Gateway  
  80  6:40  Pylon  
  80  6:45  Zealot  
  82  6:53  Immortal (Chrono Boost)  
  86  6:55  Shield Battery  
  86  7:05  Photon Cannon  
  86  7:09  Probe  
  86  7:14  Pylon  
  87  7:16  Pylon  
  87  7:21  Probe, Gateway  
  87  7:22  Gateway  
  88  7:26  Cybernetics Core  
  86  7:36  Robotics Bay  
  86  7:37  Observer (Chrono Boost)  
  87  7:44  Zealot x2  
  91  7:57  Probe, Nexus  
  92  8:00  Immortal (Chrono Boost)  
  92  8:04  Twilight Council  
  96  8:08  Probe  
  96  8:10  Probe  
  96  8:12  Pylon  
  96  8:18  Zealot x2  
  100  8:20  Probe  
  101  8:33  Disruptor (Chrono Boost)  
  99  8:36  Probe  
  99  8:39  Robotics Facility  
  101  8:47  Charge  
  101  8:52  Pylon  
  101  8:59  Zealot x4  
  85  9:20  Disruptor (Chrono Boost)  
  77  9:24  Probe  
  77  9:26  Disruptor (Chrono Boost)  
  77  9:28  Zealot  
  83  9:35  Sentry  
  83  9:36  Zealot, Sentry, Nexus  
  89  9:38  Pylon  
  89  9:46  Probe x2  
  89  9:52  Disruptor x2 (Chrono Boost)  
  97  9:59  Sentry x2  
  101  10:01  Zealot  
  101  10:03  Probe  
  104  10:08  Zealot  
  104  10:22  Disruptor  
  104  10:26  Zealot x3  
  113  10:36  Zealot  
Show
View Real Time Build Order
Export as new Build Order

Neeb Protoss - Winner!

Build Orders: Oracle Opening 

Get SALT Encoding   

  12  0:00  Probe  
  13  0:12  Probe  
  14  0:18  Pylon  
  14  0:24  Probe (Chrono Boost)  
  15  0:37  Probe (Chrono Boost)  
  15  0:38  Gateway  
  16  0:44  Probe (Chrono Boost)  
  16  0:47  Assimilator  
  17  0:51  Probe (Chrono Boost)  
  17  0:55  Assimilator  
  18  1:03  Probe (Chrono Boost)  
  19  1:08  Gateway  
  19  1:12  Probe (Chrono Boost)  
  19  1:18  Probe  
  21  1:26  Cybernetics Core  
  21  1:30  Probe  
  22  1:37  Pylon  
  22  1:42  Probe  
  23  1:55  Probe  
  24  2:01  Warp Gate (Chrono Boost)  
  24  2:03  Adept x2  
  24  2:07  Probe  
  29  2:16  Pylon  
  29  2:22  Stargate  
  29  2:33  Stalker  
  31  2:56  Nexus  
  31  3:04  Oracle (Chrono Boost)  
  32  3:10  Probe  
  35  3:17  Pylon  
  35  3:23  Probe  
  36  3:35  Probe  
  40  3:47  Probe  
  39  3:59  Probe  
  39  4:00  Twilight Council  
  39  4:02  Gateway  
  37  4:06  Gateway  
  37  4:10  Probe  
  37  4:11  Probe  
  39  4:20  Stalker  
  39  4:23  Probe  
  42  4:25  Probe  
  42  4:29  Stalker  
  45  4:32  Blink (Chrono Boost)  
  45  4:35  Probe  
  45  4:37  Probe  
  47  4:47  Probe  
  47  4:50  Probe  
  47  4:52  Pylon  
  49  4:57  Stalker x2  
  53  5:02  Stalker  
  53  5:03  Stalker  
  53  5:04  Probe x2  
  59  5:08  Pylon  
  59  5:09  Pylon  
  59  5:17  Assimilator  
  59  5:22  Nexus  
  59  5:26  Stalker  
  61  5:30  Stalker  
  61  5:34  Stalker  
  65  5:39  Stalker  
  65  5:40  Probe x2  
  65  5:42  Pylon  
  68  5:52  Probe  
  68  5:53  Probe  
  68  5:54  Pylon  
  70  6:02  Stalker x3  
  76  6:05  Probe x2  
  78  6:13  Robotics Facility  
  78  6:17  Probe x2  
  78  6:25  Assimilator  
  78  6:28  Stalker x2  
  78  6:29  Probe x2, Stalker  
  86  6:34  Probe  
  87  6:41  Probe x2  
  87  6:46  Probe  
  90  6:48  Forge  
  90  6:51  Forge  
  90  6:53  Probe x2  
  92  6:58  Probe  
  92  6:59  Sentry  
  92  7:00  Sentry x2  
  99  7:05  Probe x2, Charge (Chrono Boost)  
  101  7:09  Gateway  
  101  7:13  Gateway  
  101  7:15  Pylon  
  101  7:16  Pylon, Gateway  
  101  7:17  Pylon  
  101  7:20  Pylon  
  101  7:21  Protoss Ground Weapons Level 1 (Chrono Boost)  
  101  7:23  Gateway  
  101  7:24  Protoss Ground Armor Level 1 (Chrono Boost)  
  101  7:25  Probe  
  101  7:35  Assimilator  
  101  7:36  Assimilator  
  101  7:38  Nexus  
  101  7:40  Probe x2  
  101  7:41  Probe  
  104  7:46  Photon Cannon  
  104  7:52  Probe x2  
  104  7:53  Probe  
  107  8:02  Pylon  
  107  8:04  Probe x2  
  107  8:05  Probe  
  110  8:07  Pylon, Templar Archives  
  110  8:11  Robotics Facility  
  110  8:12  Robotics Facility  
  110  8:20  Zealot x4  
  110  8:24  Zealot x2  
  122  8:28  Zealot x2  
  126  8:39  Probe x2  
  126  8:40  Probe  
  129  8:51  Probe x3  
  129  8:52  Probe  
  129  8:54  Zealot x7  
  145  9:03  Probe  
  130  9:16  Probe  
  129  9:17  Probe  
  129  9:24  Probe, Immortal x2 (Chrono Boost)  
  125  9:32  Stargate x2  
  125  9:35  High Templar x4  
  125  9:36  Zealot x3  
  137  9:39  Assimilator x2  
  137  9:40  Pylon x2, Archon x2  
  137  9:44  Phoenix  
  139  9:50  Pylon  
  139  9:58  Zealot x2, High Templar x2  
  147  10:03  Archon  
  147  10:08  Gateway  
  147  10:10  Gateway  
  147  10:11  Nexus, Gateway x2  
  147  10:12  Pylon  
  147  10:15  Phoenix x2 (Chrono Boost)  
  147  10:27  Phoenix (Chrono Boost)  
  147  10:28  Zealot x5  
  153  10:38  Phoenix x2 (Chrono Boost)  
  153  10:39  Zealot x2  
  159  10:46  Probe  
  160  10:51  Probe  
  160  10:54  Zealot x3  

Tags
 
Add a new tag
Caveats
  • Supply blocks, unpowered buildings, or Contaminate may cause inaccurate times.
  • Supply counts are checked every 10 seconds.